cohdb
Replays
Latest Replays
All Replays
Popular Replays
Top Player Replays
Match Explorer
How It Works
Community
CoH3 Stats
Reddit
Sign in to upload your games and track your stats! →
Sign in with Steam
Match 28807888
Unlisted
Match 28807888
Overview
Messages
Build Orders
End
Selects Italian Combined Arms Battlegroup
Selects Bersaglieri Squad
Bersaglieri Squad
Bersaglieri Squad
Construct Light Support Kompanie
MG34 Team
2.5-tonne Medical Truck
Selects Bersaglieri Bolster
Bersaglieri Squad
Fire Support Elements
Pak 38 Anti-tank Gun Team
le.IG 18 Mechanized Group
Construct Mechanized Kompanie
Marder III Tank Destroyer
Marder III Tank Destroyer
Veteran Squad Leaders
Selects Semovente da 75/18 Assault Gun
Selects Carro Armato M13/40 Light Tank
Panzerpioneer Squad
Selects Pact of Steel
2.5-tonne Medical Truck
Construct Panzerarmee Kommand
hoke
gameing
Friendly Mouse(Poxie)
Gorgutzer
Heckman
Wearilessfool62
General Trump
Global Traveler
0
0
Comments
sign in to comment!
No comments posted yet!